 Dungeon Crawl Stone Soup version 0.30-a0-840-ga523dec638 (webtiles) character file.

Game seed: 255038888656255193

12 zenocrate the Insei (level 2, -2/18 HPs)
             Began as an Octopode Transmuter on Mar 1, 2023.
             Slain by a jackal (3 damage)
             ... on level 1 of the Dungeon.
             The game lasted 00:00:24 (220 turns).

zenocrate the Insei (Octopode Transmuter)            Turns: 220, Time: 00:00:24

Health: -2/18      AC:  1    Str:  9    XL:     2   Next: 33%
Magic:  4/5        EV: 10    Int: 15    God:
Gold:   44         SH:  0    Dex: 12    Spells: 4/5 levels left

rFire   . . .      SeeInvis .      - Unarmed
rCold   . . .      Faith    .    (no shield)
rNeg    . . .      Spirit   .    (helmet currently unavailable)
rPois   .          Reflect  .    (no amulet)
rElec   .          Harm     .    (no ring)
rCorr   .          Rampage  .    (no ring)
Will    .....                    (no ring)
Stlth   +++                      (no ring)
HPRegen 0.23/turn                (no ring)
MPRegen 0.09/turn                (no ring)
                                 (no ring)
                                 (no ring)

@: appendages, constricted
A: tentacle spike 3, almost no armour, amphibious, 8 rings, camouflage 1,
gelatinous body 1, (nimble swimmer 1), tentacles
a: End Transformation


You were on level 1 of the Dungeon.
One of your tentacles had grown a beastly spike.
You visited 1 branch of the dungeon, and saw 1 of its levels.

You collected 44 gold pieces.

Inventory:

Scrolls
 b - a scroll of identify {unknown}
Potions
 a - a potion of lignification


   Skills:
 - Level 1.0 Fighting
 - Level 2.0 Dodging
 + Level 1.1 Stealth
 + Level 3.2 Unarmed Combat
 - Level 2.0 Spellcasting
 + Level 2.2 Transmutations
 + Level 0.7 Ice Magic


You had 4 spell levels left.
You knew the following spells:

 Your Spells              Type           Power      Damage    Failure   Level
a - Beastly Appendage     Tmut           16%        N/A       9%          1

Your spell library contained the following spells:

 Spells                   Type           Power      Damage    Failure   Level
 Wereblood                Tmut           8%         N/A       13%         2
 Spider Form              Tmut/Pois      4%         N/A       38%         3
 Ice Form                 Ice/Tmut       5%         N/A       77%         4


Dungeon Overview and Level Annotations

Branches:
Dungeon (1/15)

Altars:


Innate Abilities, Weirdness & Mutations

One of your tentacles has grown a beastly spike.
You cannot wear most types of armour.
You are amphibious.
You can wear up to eight rings at the same time.
Your skin changes colour to match your surroundings (Stealth+).
Your rubbery body absorbs attacks. (AC +1, EV +1)
((You are camouflaged when in or above water. (Stealth+)))
You have tentacles for arms and can constrict up to eight enemies at once.


Message History

The jackal closely misses you. x3
You miss the jackal. You grab the jackal. You squeeze the jackal.
The jackal is severely wounded.
You constrict the jackal. The jackal closely misses you.
The jackal barely misses you. The jackal misses you. x2
You tentacle-slap the jackal but do no damage.
Your squeeze misses the jackal.
The jackal is almost dead.
You constrict the jackal.
You kill the jackal!
The ball python bites you. The ball python barely misses you.
The jackal barely misses you. The jackal bites you.
You tentacle-slap the jackal. Your grab misses the jackal.
You squeeze the jackal, but do no damage.
The jackal is moderately wounded.
Your tentacle spike disappears.
The jackal closely misses you. The jackal misses you.
The ball python bites you. The ball python grabs you.
The ball python constricts you. The jackal bites you.
You are too injured to fight recklessly!
You are too injured to fight recklessly!
You barely miss the jackal. Your grab misses the jackal.
You squeeze the jackal, but do no damage.
The jackal is moderately wounded.
The jackal stops to sniff the ground.
The jackal closely misses you. The ball python bites you.
The ball python constricts you.
The jackal bites you but does no damage.
The jackal closely misses you.
Casting: Beastly Appendage (safe; 9% risk of failure)
Confirm with . or Enter, or press ? or * to list all spells.
One of your tentacles grows a vicious spike.
The ball python bites you.
* * * LOW HITPOINT WARNING * * *
The ball python constricts you.
* * * LOW HITPOINT WARNING * * *
The jackal bites you.
* * * LOW HITPOINT WARNING * * *
The jackal bites you.
You die...

). ....#.# .. ##.#...# .
#......## .# #.......
...###.....#
#..........###.
.##...S†h..#...
..##...@h....##
.....##.......# .######
......##........ .......
..#.#..#........ ...#.. .
...##.......... .##...#
...#.#........... .......
...#............. .[......
.............#####........
.........##..###.....####.


You could see 2 jackals and a ball python.

Vanquished Creatures
  3 bats (D:1)
  2 endoplasms (D:1)
  2 jackals (D:1)
  2 kobolds (D:1)
  2 rats (D:1)
11 creatures vanquished.

Notes
Turn   | Place    | Note
-------+----------+-------------------------------------------
     0 | D:1      | zenocrate the Octopode Transmuter began the quest for the
                  | Orb.
     0 | D:1      | Reached XP level 1. HP: 13/13 MP: 3/3
   145 | D:1      | Reached skill level 1 in Stealth
   145 | D:1      | Reached XP level 2. HP: 17/18 MP: 3/5
   220 | D:1      | Slain by a jackal

Illustrated notes

Levels and vault maps discovered:
D:1:      grunt_arrival_crossed_arrows, layout_rooms,
          shapermc_ecumenical_altar_acropolis, minmay_misc_feat_pillars

Skill      XL: |  1 |
---------------+----+-----
Stealth        | 1 |  1.1
Fighting       | |  1.0
Dodging        | |  2.0
Unarmed Combat | |  3.2
Spellcasting   | |  2.0
Transmutations | |  2.2
Ice Magic      | |  0.7

Action                     || total
---------------------------++-------
  Melee: Unarmed           ||    28
         Kick              ||    11
         Constrict         ||     6
         Tentacles         ||     4
   Cast: Beastly Appendage ||     6
   Stab: Sleeping          ||     2
 Armour: Skin              ||     4
  Dodge: Dodged            ||    44

Table legend: (Time is in decaauts)
 A = Elapsed time spent in this place.
 B = Non-inter-level travel time spent in this place.
 C = Inter-level travel time spent in this place.
 D = Time resting spent in this place.
 E = Time spent auto-exploring this place.
 F = Levels seen in this place.
 G = Mean time per level.
                   A        B        C        D        E       F      G
               +--------+--------+--------+--------+--------+-----+--------+
         Total |    218 |    218 |      0 |      0 |    150 |   1 |  218.0 |
       Dungeon |    218 |    218 |      0 |      0 |    150 |   1 |  218.0 |
               +--------+--------+--------+--------+--------+-----+--------+

Top non-repeatable levels by time:
     D:1: 218 daAuts
